 Dungeon Crawl Stone Soup version 0.23-a0-80-gc95c2c7 (webtiles) character file.

516 Amnesiac the Magician (level 7, -1/46 HPs)
             Began as a Mummy Air Elementalist on Aug 13, 2018.
             Slain by a scorpion (4 damage)
             ... on level 5 of the Dungeon.
             The game lasted 00:04:32 (2598 turns).

Amnesiac the Magician (Mummy Air Elementalist)      Turns: 2598, Time: 00:04:33

Health: -1/46      AC:  3    Str: 12    XL:     7   Next: 0%
Magic:  3/15       EV: 12    Int: 16    God:
Gold:   103        SH:  0    Dex: 12    Spells: 12/17 levels left

rFire    x . .     SeeInvis .   k - +0 falchion
rCold    + . .     Gourm    .   (no shield)
rNeg     + + +     Faith    .   j - +0 robe
rPois    ∞         Spirit   .   (no helmet)
rElec    .         Reflect  .   i - +0 cloak
rCorr    .         Harm     .   (no gloves)
MR       .....                  (no boots)
Stlth    ++........             (no amulet)
HPRegen  0.15/turn              (no ring)
MPRegen  0.14/turn              (no ring)

@: no status effects
A: no food or potions, fire vulnerability, cold resistance 1, negative energy
resistance 3, torment resistance, unbreathing
a: no special abilities


You were on level 5 of the Dungeon.
You were not hungry.

You visited 1 branch of the dungeon, and saw 6 of its levels.

You collected 103 gold pieces.

Inventory:

Hand Weapons
 a - a +2 mace of protection
 k - a +0 falchion (weapon)
Armour
 d - the +1 helmet of Analysis {*Slow +Fly rPois rN+}
   (You found it on level 4 of the Dungeon)

   It protects you from poison.
   It protects you from negative energy.
   It lets you fly.
   It may slow you when you take damage.
 i - a +0 cloak (worn)
 j - a +0 robe (worn)
Wands
 l - a wand of disintegration (10)
Scrolls
 b - a scroll of fear {!r, unknown}
 c - 3 scrolls of remove curse {!r, unknown}
 e - a scroll of magic mapping {!r, unknown}
 f - a scroll of teleportation {!r, unknown}
 g - a scroll of identify {!r, unknown}
 h - a scroll of random uselessness {!r, unknown}
 m - 3 scrolls of blinking {!r, unknown}


   Skills:
 - Level 1.5 Dodging
 - Level 1.5 Stealth
 + Level 5.6 Spellcasting
 - Level 0.7 Conjurations
 * Level 5.6 Air Magic


You had 12 spell levels left.
You knew the following spells:

 Your Spells              Type           Power        Failure   Level  Hunger
a - Shock                 Conj/Air       ##..         3%          1    N/A
d - Airstrike             Air            ###.......   14%         4    N/A

Your spell library contained the following spells:

 Spells                   Type           Power        Failure   Level  Hunger
 Lightning Bolt           Conj/Air       ##........   71%         5    N/A
 Swiftness                Chrm/Air       ##......     7%          2    N/A
 Static Discharge         Conj/Air       ##......     12%         3    N/A

Dungeon Overview and Level Annotations

Branches:
Dungeon (6/15)
 Temple: D:4-7

Altars:
Cheibriados

Shops:
D:4 (

Annotations:
D:5 Prince Ribbit


Innate Abilities, Weirdness & Mutations

You do not eat or drink.
Your flesh is vulnerable to fire.
You are immune to poison.
Your flesh is cold resistant. (rC+)
You are immune to negative energy. (rN+++)
You are immune to unholy pain and torment.
You can survive without breathing.


Message History

The zap hits the scorpion.
The scorpion is lightly wounded.
Unknown command.
Casting: Shock (safe; 3% risk of failure)
Confirm with . or Enter, or press ? or * to list all spells.
Aiming: Shock (safe; 3% risk of failure)
Press: ? - help, Shift-Dir - straight line The zap hits the scorpion.
The scorpion is moderately wounded.
The zap misses the scorpion.
The scorpion stings you.
* * * LOW HITPOINT WARNING * * *
Unknown command.
Casting: Shock (safe; 3% risk of failure)
Confirm with . or Enter, or press ? or * to list all spells.
Aiming: Shock (safe; 3% risk of failure)
Press: ? - help, Shift-Dir - straight line The zap hits the scorpion.
The scorpion appears unharmed.
The scorpion is moderately wounded.
The zap hits the scorpion.
The scorpion is moderately wounded.
The scorpion closely misses you.
You riposte.
You hit the scorpion but do no damage.
The scorpion is moderately wounded.
Unknown command.
Casting: Shock (safe; 3% risk of failure)
Confirm with . or Enter, or press ? or * to list all spells.
Aiming: Shock (safe; 3% risk of failure)
Press: ? - help, Shift-Dir - straight line The zap hits the scorpion.
The scorpion appears unharmed.
The scorpion is moderately wounded.
The zap hits the scorpion.
The scorpion is heavily wounded.
The scorpion stings you!
* * * LOW HITPOINT WARNING * * *
Unknown command.
Casting: Shock (safe; 3% risk of failure)
Confirm with . or Enter, or press ? or * to list all spells.
Aiming: Shock (safe; 3% risk of failure)
Press: ? - help, Shift-Dir - straight line The zap hits the scorpion.
The scorpion is heavily wounded.
The zap hits the scorpion.
The scorpion is severely wounded.
The scorpion stings you.
* * * LOW HITPOINT WARNING * * *
Unknown command.
Casting: Shock (safe; 3% risk of failure)
Confirm with . or Enter, or press ? or * to list all spells.
Aiming: Shock (safe; 3% risk of failure)
Press: ? - help, Shift-Dir - straight line The zap misses the scorpion.
The zap hits the scorpion.
The scorpion is severely wounded.
The scorpion closely misses you.
Unknown command.
Casting: Shock (safe; 3% risk of failure)
Confirm with . or Enter, or press ? or * to list all spells.
Aiming: Shock (safe; 3% risk of failure)
Press: ? - help, Shift-Dir - straight line The zap hits the scorpion.
The scorpion is almost dead.
The zap hits the scorpion.
The scorpion is almost dead.
The scorpion stings you.
You die...

### #PP#### ###
###..[#.. ##.#
.....P#.# #..#
PP#...P.§ #.###
#.^PPP^^#####@.P#
#SPP.PP†#^s####
#.^..F.###
####.^## ##.#
##.s ##P #


You could see Prince Ribbit and a scorpion.

Vanquished Creatures
  4 scorpions (D:5)
  A quasit (D:5)
  A hound (D:4)
  A jelly (D:5)
  A bullfrog skeleton (D:4)
  2 orc priests (D:4)
  A centaur skeleton (D:4)
  A worker ant (D:5)
  4 gnolls (D:3)
  An adder (D:3)
  An ooze (D:4)
  An adder zombie (D:5)
  A leopard gecko (D:2)
  9 orcs
  7 bats
  4 goblins
  A hobgoblin (D:2)
  A frilled lizard (D:2)
  A jackal skeleton (D:4)
  A kobold (D:3)
  A rat (D:2)
  A fungus (D:5)
46 creatures vanquished.

Vanquished Creatures (others)
  3 fungi (D:5)
3 creatures vanquished.

Grand Total: 49 creatures vanquished

Notes
Turn   | Place    | Note
-------+----------+-------------------------------------------
     0 | D:1      | Amnesiac the Mummy Air Elementalist began the quest for the Orb.
     0 | D:1      | Reached XP level 1. HP: 13/13 MP: 4/4
   252 | D:2      | Reached XP level 2. HP: 19/19 MP: 0/5
   416 | D:3      | Reached XP level 3. HP: 24/24 MP: 2/7
   710 | D:4      | Got a smoking helmet
   755 | D:4      | Found a snail-covered altar of Cheibriados.
   767 | D:4      | Reached XP level 4. HP: 30/30 MP: 6/9
   968 | D:4      | Learned a level 4 spell: Airstrike
  1241 | D:5      | Entered Level 5 of the Dungeon
  1457 | D:4      | Reached XP level 5. HP: 30/35 MP: 5/11
  1665 | D:4      | Found Foir's Antique Weapon Boutique.
  1747 | D:4      | Identified the +1 helmet of Analysis {*Slow +Fly rPois rN+} (You found it on level 4 of the Dungeon)
  2133 | D:5      | Reached XP level 6. HP: 41/41 MP: 8/13
  2232 | D:5      | Reached skill level 5 in Spellcasting
  2232 | D:5      | Reached skill level 5 in Air Magic
  2567 | D:5      | Noticed Prince Ribbit
  2588 | D:5      | Reached XP level 7. HP: 18/46 MP: 8/15
  2598 | D:5      | Slain by a scorpion

Vault maps used:
D:1:      dpeg_arrival_fog, serial_forest, infiniplex_forest_zigzag_2,
          infiniplex_forest_diagonal, infiniplex_forest_lined_room_2,
          infiniplex_forest_lined_room_3, infiniplex_forest_end_2,
          infiniplex_forest_clump_C, infiniplex_forest_corner_1,
          infiniplex_forest_end_2, infiniplex_forest_clump_curved,
          infiniplex_forest_lined_3_way, minmay_misc_feat_nine_boxes
D:2:      minmay_split_cup_small
D:4:      lemuel_crystal_altar, first_ration, serial_shops, shop
D:5:      old_forge, uniq_prince_ribbit1, uniq_edmund
D:6:      minmay_temple_entry_enclosed_plants, uniq_menkaure,
          uniq_blork_the_orc, uniq_grinder

Skill      XL: |  1  2  3  4  5  6 |
---------------+-------------------+-----
Air Magic      | 3 4 5 |  5.6
Spellcasting   | 3 4 5 |  5.6
Dodging        | |  1.5
Stealth        | |  1.5
Conjurations   | |  0.7

Action                   |  1- 3 |  4- 6 |  7- 9 || total
-------------------------+-------+-------+-------++-------
Melee: Unarmed           |     4 |       |       ||     4
       Falchion          |       |    18 |       ||    18
 Cast: Shock             |    45 |    78 |     8 ||   131
Armor: Robe              |     8 |    14 |       ||    22
Dodge: Dodged            |     9 |    38 |     2 ||    49
       Rpst.: Falchion   |       |     7 |     1 ||     8

Table legend:
 A = Non-vault XP
 B = Vault XP
 C = Vault XP percentage of total XP
 D = Non-vault monster count
 E = Vault monster count
 F = Vault count percentage of total count
 G = Total turns spent on level
                 A         B        C        D         E       F
            +---------+---------+-------+---------+---------+-------
      Total |     458 |     280 |  37.9 |      38 |       7 |  15.6
            +---------+---------+-------+---------+---------+-------
        D:1 |       2 |       0 |   0.0 |       1 |       0 |   0.0
        D:2 |      14 |       0 |   0.0 |       8 |       0 |   0.0
        D:3 |      76 |       0 |   0.0 |      10 |       0 |   0.0
        D:4 |     239 |       0 |   0.0 |      15 |       0 |   0.0
        D:5 |     127 |     280 |  68.8 |       4 |       7 |  63.6
            +---------+---------+-------+---------+---------+-------
